 Dungeon Crawl Stone Soup version 0.29.0-7-g18a832c13a (webtiles) character file.

Game seed: 6098899553633702786

748 Arum the Trooper (level 8, -3/64 HPs)
             Began as a Formicid Fighter on Aug 31, 2022.
             Was an Initiate of the Shining One.
             Slain by an ice beast (8 damage)
             ... on level 5 of the Dungeon.
             The game lasted 00:05:59 (4668 turns).

Arum the Trooper (Formicid Fighter)                 Turns: 4668, Time: 00:06:00

Health: -3/64      AC:  7    Str: 23    XL:     8   Next: 6%
Magic:  8/8        EV:  9    Int:  8    God:    the Shining One [......]
Gold:   173        SH:  5    Dex: 13    Spells: 7/7 levels left

rFire   . . .      SeeInvis +   a - +0 quarterstaff
rCold   . . .      Faith    .   c - +0 buckler
rNeg    . . .      Spirit   .   b - +0 scale mail
rPois   .          Reflect  .   (helmet unavailable)
rElec   .          Harm     .   (no cloak)
rCorr   .          Rampage  .   (no gloves)
Will    .....                   (no boots)
Stlth   ..........              (no amulet)
HPRegen 0.20/turn               (no ring)
MPRegen 0.11/turn               (no ring)

@: mighty, glowing
A: permanent stasis, dig shafts and tunnels, antennae 3, four strong arms
a: Dig, Shaft Self, Renounce Religion


You were on level 5 of the Dungeon.
You worshipped the Shining One.
The Shining One was noncommittal.
You visited 1 branch of the dungeon, and saw 5 of its levels.

You collected 317 gold pieces.
You spent 144 gold pieces at shops.

Inventory:

Hand Weapons
 a - a +0 quarterstaff (weapon)
Armour
 b - a +0 scale mail (worn)
 c - a +0 buckler (worn)
Scrolls
 e - a scroll of butterflies {unknown}
 h - a scroll of vulnerability {unknown}
 i - a scroll of poison {unknown}
 j - 3 scrolls of teleportation {unknown}
 n - a scroll of brand weapon {unknown}
 p - a scroll of fear
 r - a scroll of enchant armour {unknown}
 t - a scroll of blinking {unknown}
 u - a scroll of amnesia {unknown}
 w - a scroll of enchant weapon {unknown}
Potions
 f - 3 potions of curing {unknown}
 g - a potion of lignification
 k - 2 potions of attraction
 l - a potion of mutation {unknown}
 m - 4 potions of brilliance
 o - a potion of flight
 q - a potion of ambrosia {unknown}
 v - a potion of haste {unknown}


   Skills:
 + Level 6.2 Fighting
 + Level 5.1 Staves
 + Level 6.2 Armour
 - Level 4.0 Shields


You had 7 spell levels left.
You didn't know any spells.
Your spell library contained the following spells:

 Spells                   Type           Power      Damage    Failure   Level
 Conjure Flame            Conj/Fire      0%         6-21      98%         3
 Ignite Poison            Fire/Tmut/Pois 0%         N/A       98%         3
 Sticky Flame             Conj/Fire      0%         2d3       100%        4


Dungeon Overview and Level Annotations

Branches:
Dungeon (5/15)
 Temple: D:4-7

Altars:
Elyvilon
Kikubaaqudgha
Sif Muna
Trog
Wu Jian
Xom
The Shining One

Shops:
D:1 *


Innate Abilities, Weirdness & Mutations

You cannot be hasted, slowed, berserked, paralysed or teleported.
You can dig through walls and to a lower floor.
You have a pair of large antennae on your head. (SInv)
Your four strong arms can wield two-handed weapons with a shield.


Message History

You closely miss the ice beast.
The ice beast is heavily wounded.
The ice beast hits you.
* * * LOW HITPOINT WARNING * * *
The ice beast freezes you!
* * * LOW HITPOINT WARNING * * *
It was a potion of heal wounds.
You feel much better. You block the ice beast's attack.
You hit the ice beast but do no damage.
The ice beast is heavily wounded.
The ice beast hits you but does no damage.
You barely miss the ice beast.
The ice beast is heavily wounded.
The ice beast hits you but does no damage.
You aren't carrying any items that you can evoke.
Unknown command.
You feel very mighty all of a sudden. The ice beast closely misses you.
You thump the ice beast!
The ice beast is severely wounded.
You block the ice beast's attack.
You hit the ice beast.
The ice beast is almost dead.
The ice beast hits you. The ice beast freezes you!
* * * LOW HITPOINT WARNING * * *
You closely miss the ice beast.
The ice beast is almost dead.
The ice beast hits you.
* * * LOW HITPOINT WARNING * * *
The ice beast freezes you!
* * * LOW HITPOINT WARNING * * *
You closely miss the ice beast.
The ice beast is almost dead.
The ice beast hits you but does no damage.
You hit the ice beast.
The ice beast is almost dead.
The ice beast hits you.
* * * LOW HITPOINT WARNING * * *
The ice beast freezes you!
You die...

#..# ### #≈⌠._ { #.## #
#≈≈.. #.# # #≈≈.≈≈ #.# #
#≈.≈# #.# #
####≈.≈#####.####### #
#...≈.≈...##.......# #
#...≈.≈....#######.# #
#..#≈.≈#@#.#######)### #
#...≈.≈Y.............#
#.(.≈.≈..#########.#.#
#..#≈.≈#.# #.#.#
#.P.≈.≈..# #.#.# #
#...≈.≈..### ###########
#..#≈.≈#)).####.....###~~
#...≈.≈..#....)..)....###
#.#.....##....)#####.....


You could see an ice beast.

Vanquished Creatures
  Grinder (D:3)
  A phantom (D:4)
  2 scorpions
  An orc priest (D:4)
  A jelly (D:5)
  2 iguanas (D:5)
  4 orc wizards
  3 adders
  A white imp (D:5)
  A worm (D:3)
  6 dart slugs
  13 orcs
  4 ball pythons
  8 endoplasms
  3 giant cockroaches
  3 goblins
  9 hobgoblins
  8 jackals
  11 kobolds
  2 quokkas
  4 bats
  5 frilled lizards
  4 rats
97 creatures vanquished.

Vanquished Creatures (others)
  12 plants (D:5)
12 creatures vanquished.

Grand Total: 109 creatures vanquished

Notes
Turn   | Place    | Note
-------+----------+-------------------------------------------
     0 | D:1      | Arum the Formicid Fighter began the quest for the Orb.
     0 | D:1      | Reached XP level 1. HP: 18/18 MP: 1/1
    60 | D:1      | Reached XP level 2. HP: 9/24 MP: 2/2
   421 | D:1      | Reached XP level 3. HP: 30/30 MP: 3/3
   477 | D:1      | Found Ulask's General Store.
   799 | D:1      | Bought a scroll of identify for 24 gold pieces
   822 | D:2      | Reached XP level 4. HP: 25/37 MP: 4/4
  1034 | D:2      | Reached XP level 5. HP: 32/43 MP: 5/5
  1912 | D:3      | Found an ornate altar of the Wu Jian Council.
  1912 | D:3      | Found a bloodstained altar of Trog.
  1952 | D:3      | Noticed Grinder
  1973 | D:3      | Killed Grinder
  1974 | D:3      | Reached skill level 5 in Fighting
  1974 | D:3      | Reached skill level 5 in Armour
  1974 | D:3      | Reached XP level 6. HP: 41/51 MP: 6/6
  2645 | D:1      | Bought a potion of flight for 36 gold pieces
  2645 | D:1      | Bought a potion of attraction for 36 gold pieces
  2645 | D:1      | Bought a scroll of fear for 48 gold pieces
  2793 | D:4      | Reached XP level 7. HP: 53/56 MP: 7/7
  2815 | D:4      | Found an ancient bone altar of Kikubaaqudgha.
  2815 | D:4      | Found a shimmering altar of Xom.
  3253 | D:4      | Found a shimmering blue altar of Sif Muna.
  3603 | D:4      | Found a glowing golden altar of the Shining One.
  3643 | D:4      | Became a worshipper of the Shining One
  3702 | D:5      | Entered Level 5 of the Dungeon
  4297 | D:5      | Reached skill level 5 in Staves
  4297 | D:5      | Reached XP level 8. HP: 60/64 MP: 8/8
  4645 | D:5      | Found a white marble altar of Elyvilon.
  4668 | D:5      | Slain by an ice beast

Illustrated notes

Levels and vault maps discovered:
D:1:      lightli_iron_boxes, layout_basic, serial_shops, shop, minmay_circled_x
D:2:      layout_loops_ring, minmay_box_of_dots
D:3:      layout_basic, gammafunk_temple_overflow_elements, uniq_grinder
D:4:      layout_gridville, nicolae_overflow_two_pavilions, kennysheep_mini,
          nicolae_sif_muna_condensation, dreamdust_wishing_well
D:5:      cheibrodos_thug_alley, layout_loops_ring, nicolae_ru_path_of_blood,
          nicolae_elyvilon_temple_path

Skill      XL: |  1  2  3  4  5  6  7 |
---------------+----------------------+-----
Fighting       | 4 5 6 |  6.2
Armour         | 4 5 6 |  6.2
Staves         | 3 4 5 |  5.1
Shields        | |  4.0

Action                   |  1- 3 |  4- 6 |  7- 9 || total
-------------------------+-------+-------+-------++-------
Melee: Quarterstaff      |    59 |   108 |   123 ||   290
 Abil: Dig               |     2 |       |     1 ||     3
  Use: Scroll            |       |     1 |     2 ||     3
       Potion            |       |       |     2 ||     2
Armor: Scale mail        |    29 |    41 |    45 ||   115
Dodge: Dodged            |    30 |    51 |    28 ||   109
Block: Buckler           |    15 |    23 |    18 ||    56
